 Dungeon Crawl Stone Soup version 0.29-a0-25-g7f48f510a0 (webtiles) character file.

Game seed: 1247753381829801977

139695 inmateoo the Cleaver (level 17, -1/131 HPs)
             Began as a Gnoll Ice Elementalist on Jan 30, 2022.
             Was the Champion of Cheibriados.
             Slain by a lindwurm simulacrum (10 damage)
             ... in an ice cave on Jan 31, 2022.
             The game lasted 00:55:30 (29901 turns).

inmateoo the Cleaver (Gnoll Ice Elementalist)      Turns: 29901, Time: 00:55:30

Health: -1/131     AC: 16    Str: 25    XL:     17   Next: 29%
Magic:  14/33      EV: 23    Int: 35    God:    Cheibriados [******]
Gold:   1294       SH: 13    Dex: 24    Spells: 15/41 levels left

rFire   + . .      SeeInvis +   Q - +11 trident "Xais" {vorpal, rElec rN++ rCorr Dex-4}
rCold   + . .      Faith    .   L - +0 buckler
rNeg    + + .      Spirit   .   m - +0 steam dragon scales
rPois   +          Reflect  +   d - +2 helmet {SInv}
rElec   +          Harm     .   e - +0 cloak
rCorr   +          Rampage  .   S - +1 pair of gloves {infuse}
Will    +....                   n - +0 pair of boots
Stlth   ++++++....              R - amulet "Heingapn" {Reflect rPois rF+ Regen+ SH+5}
HPRegen 1.11/turn               h - ring of protection from cold
MPRegen 0.23/turn               c - +4 ring of slaying

@: forested, studying Axes, very slow
A: fangs 1, strong nose, distributed training
a: Renounce Religion, Bend Time, Temporal Distortion, Slouch, Step From Time


You were in an ice cave.
You worshipped Cheibriados.
Cheibriados was exalted by your worship.
You visited 5 branches of the dungeon, and saw 28 of its levels.
You also visited: Ice Cave.

You collected 3158 gold pieces.
You spent 1864 gold pieces at shops.

Inventory:

Hand Weapons
 Q - the +11 trident "Xais" (weapon) {vorpal, rElec rN++ rCorr Dex-4}
   (You found it on level 13 of the Dungeon)

   It inflicts extra damage upon your enemies.
   Dex:       It affects your dexterity (-4).
   rElec:     It insulates you from electricity.
   rN:        It greatly protects you from negative energy.
   rCorr:     It protects you from acid and corrosion.
Missiles
 v - a curare-tipped dart (quivered)
 E - a throwing net
Armour
 d - a +2 helmet of see invisible (worn)
 e - a +0 cloak (worn)
 m - +0 steam dragon scales (worn)
 n - a +0 pair of boots (worn)
 L - a +0 buckler (worn)
 S - a +1 pair of gloves of infusion (worn)
Jewellery
 c - a +4 ring of slaying (right hand)
 h - a ring of protection from cold (left hand)
 o - the ring "Abolue" {rN+ SInv Stlth+}
   (You found it on level 4 of the Dungeon)

   [ring of see invisible]

   rN:        It protects you from negative energy.
   SInv:      It lets you see invisible.
   Stlth:     It makes you more stealthy.
 s - a ring of wizardry
 I - the ring of the Greedy {Drain rPois rC+ Dex+7}
   (You found it on level 2 of the Snake Pit)

   [ring of protection from cold]

   Dex:       It affects your dexterity (+7).
   rC:        It protects you from cold.
   rPois:     It protects you from poison.
   Drain:     It drains your maximum health when unequipped.
 R - the amulet "Heingapn" (around neck) {Reflect rPois rF+ Regen+ SH+5}
   (You acquired it on level 13 of the Dungeon)

   [amulet of reflection]

   It reflects blocked missile attacks.
   rF:        It protects you from fire.
   rPois:     It protects you from poison.
   Regen:     It increases your rate of health regeneration.
   SH:        It affects your SH (+5).
Wands
 k - a wand of paralysis (8)
 t - a wand of acid (1)
 z - a wand of flame (39)
 B - a wand of iceblast (9)
 G - a wand of polymorph (7)
 M - a wand of charming (3)
 O - a wand of mindburst (21)
 P - a wand of digging (9)
Scrolls
 u - 3 scrolls of magic mapping
 x - 4 scrolls of amnesia
 y - 4 scrolls of enchant weapon
 C - 3 scrolls of vulnerability
 D - a scroll of silence
 H - 8 scrolls of identify
 J - a scroll of enchant armour
 K - 3 scrolls of fear
Potions
 a - 2 potions of magic
 b - 5 potions of flight
 f - 7 potions of might
 i - 10 potions of heal wounds
 j - 8 potions of curing
 l - 2 potions of ambrosia
 p - 4 potions of mutation
 r - 2 potions of brilliance
 w - a potion of berserk rage
 F - 2 potions of attraction
Miscellaneous
 q - a phantom mirror
 A - a phial of floods
 N - a box of beasts


   Skills:
 + Level 11.5 Fighting
 + Level 11.5 Short Blades
 + Level 11.5 Long Blades
 + Level 13.3 Axes
 + Level 11.5 Maces & Flails
 + Level 11.5 Polearms
 + Level 11.5 Staves
 + Level 11.5 Slings
 + Level 11.5 Bows
 + Level 11.5 Crossbows
 + Level 11.5 Throwing
 + Level 11.5 Armour
 + Level 12.4 Dodging
 + Level 12.3 Stealth
 + Level 11.5 Shields
 + Level 11.5 Unarmed Combat
 + Level 12.5 Spellcasting
 + Level 9.8 Conjurations
 + Level 9.8 Hexes
 + Level 9.8 Summonings
 + Level 9.8 Necromancy
 + Level 9.8 Translocations
 + Level 9.8 Transmutations
 + Level 9.8 Fire Magic
 + Level 12.0 Ice Magic
 + Level 9.8 Air Magic
 + Level 9.8 Earth Magic
 + Level 9.8 Poison Magic
 + Level 12.5 Invocations
 + Level 11.5 Evocations


You had 15 spell levels left.
You knew the following spells:

 Your Spells              Type           Power      Damage    Failure   Level
a - Freeze                Ice            100%       1d11      0%          1
b - Frozen Ramparts       Ice            100%       1d12      1%          3
c - Ozocubu's Armour      Ice            82%        N/A       1%          3
d - Blink                 Tloc           100%       N/A       1%          2
f - Stone Arrow           Conj/Erth      100%       3d13      1%          3
g - Manifold Assault      Tloc           74%        N/A       1%          5
h - Summon Forest         Summ/Tloc      37%        N/A       1%          5
j - Passage of Golubria   Tloc           74%        N/A       1%          4

Your spell library contained the following spells:

 Spells                   Type           Power      Damage    Failure   Level
 Shock                    Conj/Air       100%       1d9       1%          1
 Slow                     Hex            100%       N/A       1%          1
 Sting                    Tmut/Pois      100%       1d8       1%          1
 Summon Small Mammal      Summ           100%       N/A       1%          1
 Poisonous Vapours        Pois/Air       100%       N/A       1%          2
 Static Discharge         Conj/Air       74%        N/A       1%          2
 Call Canine Familiar     Summ           74%        N/A       1%          3
 Confusing Touch          Hex            74%        N/A       1%          3
 Lesser Beckoning         Tloc           74%        N/A       1%          3
 Summon Guardian Golem    Hex/Summ       74%        N/A       1%          3
 Swiftness                Air            74%        N/A       1%          3
 Tukima's Dance           Hex            74%        N/A       1%          3
 Vampiric Draining        Necr           74%        2d11      1%          3
 Airstrike                Air            37%        N/A       1%          4
 Animate Armour           Summ/Erth      100%       N/A       1%          4
 Hailstorm                Conj/Ice       78%        3d16      1%          4
 Olgreb's Toxic Radiance  Pois           74%        N/A       1%          4
 Petrify                  Tmut/Erth      74%        N/A       1%          4
 Fireball                 Conj/Fire      37%        3d15      1%          5
 Lightning Bolt           Conj/Air       37%        1d55      1%          5
 Metabolic Englaciation   Hex/Ice        39%        N/A       1%          5
 Summon Mana Viper        Hex/Summ       74%        N/A       1%          5
 Yara's Violent Unravell  Hex/Tmut       37%        3d15      1%          5
 Eringya's Noxious Bog    Tmut/Pois      37%        N/A       6%          6
 Starburst                Conj/Fire      37%        6d11      6%          6
 Statue Form              Tmut/Erth      49%        N/A       6%          6
 Summon Cactus Giant      Summ           37%        N/A       6%          6
 Orb of Destruction       Conj           37%        9d11      34%         7
 Spellforged Servitor     Conj/Summ      37%        N/A       34%         7
 Storm Form               Tmut/Air       37%        N/A       34%         7
 Summon Hydra             Summ           37%        N/A       34%         7
 Ignition                 Fire           37%        3d11      95%         8
 Lehudib's Crystal Spear  Conj/Erth      37%        10d9      95%         8
 Maxwell's Capacitive Co  Air            37%        ∞         95%         8


Dungeon Overview and Level Annotations

Branches:
Dungeon (15/15)            Temple (1/1) D:4            Lair (6/6) D:8
 Shoals (0/4) Lair:2        Snake (4/4) Lair:3        Slime (0/5) Lair:6
    Orc (2/2) D:11            Elf (0/3) Orc:2        Vaults (0/5) D:13
 Depths (0/4) D:15          IceCv (1/1)

Altars:
Ashenzari
Cheibriados
Dithmenos
Elyvilon
Fedhas
Gozag
Hepliaklqana
Kikubaaqudgha
Makhleb
Nemelex Xobeh
Okawaru
Ru
Trog
Uskayaw
Wu Jian
Xom
Yredelemnul
Zin
The Shining One
Beogh

Shops:
D:5 [   D:7 [(   D:8 [   D:9 ?   Orc:1 ?   Orc:2 ([:((   Snake:3 [

Annotations:
D:10 exclusion: 3 oklob plants IceCv 1 transporter


Innate Abilities, Weirdness & Mutations

You have very sharp teeth.
Your uncanny sense of smell can sniff out nearby items.
Your experience applies equally to all skills.


Message History

The lindwurm simulacrum claws you but does no damage.
You block the white very ugly thing's attack.
You hit the dire elephant simulacrum.
The dire elephant simulacrum is almost destroyed.
The dire elephant simulacrum closely misses you.
The dire elephant simulacrum trunk-slaps you!
The dire elephant simulacrum freezes you!
You resist.
Unknown command.
You impale the dire elephant simulacrum!!
The dire elephant simulacrum vaporises!
Cheibriados appreciates the change of pace.
The white very ugly thing trunk-slaps you but does no damage.
The lindwurm simulacrum misses you.
You block the lindwurm simulacrum's attack.
The lindwurm simulacrum closely misses you.
The golden dragon simulacrum bites you.
The golden dragon simulacrum freezes you!!
You resist.
You block the golden dragon simulacrum's attack.
The golden dragon simulacrum tramples you but does no damage.
The ettin simulacrum hits you. The ettin simulacrum freezes you! You resist.
The ettin simulacrum completely misses you.
You are too injured to fight recklessly!
Unknown command.
You don't have enough magic at the moment.
Unknown command.
Unknown command.
Unknown command.
Okay, then.
Okay, then.
Magic courses through your body.
The white very ugly thing trunk-slaps you!
* * * LOW HITPOINT WARNING * * *
The white very ugly thing freezes you! You resist.
* * * LOW HITPOINT WARNING * * *
The lindwurm simulacrum bites you!
* * * LOW HITPOINT WARNING * * *
The lindwurm simulacrum freezes you! You resist.
You die...

♣♣♣♣♣♣#
##.....♣♣
♣#...∩.♣.#♣
##.........♣#
#.....∩.....#
♣....○@Z....#
#..♣.ZuZ....#
♣.............#
#.♣..8...8..♣.#
#......(.♣....#
♣♣....[?(♣...♣#
♣...(.©.$...♣
##...8©8. .##


You could see a white very ugly thing, a lindwurm simulacrum, a golden dragon
simulacrum and an ettin simulacrum.

Vanquished Creatures
  Mara (Snake:3)
  Frances (D:13)
  Agnes (Snake:2)
  Nessos (D:13)
  Azrael (D:14)
  Snorg (D:12)
  2 fire dragons
  An ettin (Orc:1)
  An ice dragon (Lair:6)
  3 naga warriors
  2 catoblepae
  6 centaur warriors
  7 hydras
  An ogre mage (D:15)
  8 anacondas
  3 boulder beetles
  The ghost of sobakacece the Unseen, a journeyman SpEn of Dithmenos (Lair:4)
  2 dancing weapons (D:13)
  2 death knights
  4 two-headed ogres (D:15)
  2 tengu warriors
  An orc high priest (Orc:1)
  A naga sharpshooter (Snake:2)
  Nergalle (Lair:2)
  7 shock serpents
  A fire crab (Lair:6)
  8 skeletal warriors
  A salamander mystic (Snake:3)
  A spriggan simulacrum (Snake:4)
  A swamp dragon (Lair:6)
  3 naga ritualists
  3 orc knights
  A wizard (D:11)
  A phantasmal warrior (D:14)
  6 mana vipers
  A lindwurm (Lair:6)
  A deep elf pyromancer (D:15)
  An orc sorcerer (Orc:1)
  8 ugly things
  3 manticores
  8 salamanders
  A cyclops (D:15)
  A guardian serpent (Snake:1)
  27 black mambas
  A guardian serpent (shapeshifter) (D:13)
  12 naga magi
  3 elephants (Lair:4)
  11 cane toads
  5 torpor snails
  A cane toad (shapeshifter) (D:13)
  Psyche (D:8)
  3 rime drakes
  An efreet (D:13)
  3 unseen horrors
  2 freezing wraiths (D:12)
  Maggie (D:6)
  8 komodo dragons
  An entropy weaver simulacrum (Snake:4)
  A tengu conjurer (D:12)
  2 tyrant leeches (Lair:6)
  3 meliai (D:11)
  4 trolls
  6 hornets (Lair:6)
  10 slime creatures
  3 blink frogs (Lair:2)
  A vampire (D:9)
  A dire elephant simulacrum (IceCv)
  5 wyverns
  A shadow (D:10)
  7 wraiths
  7 basilisks
  2 fire elementals (D:14)
  50 yaks
  3 water elementals (D:14)
  3 hogs (D:12)
  A minotaur simulacrum (Snake:4)
  4 steam dragons
  2 vampire mosquitoes (D:11)
  A harpy simulacrum (Snake:4)
  23 nagas
  4 wargs
  2 hydra simulacra (IceCv)
  4 acid dragons
  11 water moccasins
  2 hell hounds (D:14)
  2 swamp drakes (Lair:6)
  32 orc warriors
  A sky beast (D:7)
  5 ice beasts
  An alligator simulacrum (IceCv)
  5 black bears
  5 ogres
  4 boggarts (D:15)
  21 centaurs
  2 kobold brigands
  A phantom (D:4)
  8 bullfrogs
  A scorpion (D:7)
  A gnoll sergeant (D:9)
  A deep troll simulacrum (Snake:4)
  2 wyvern skeletons
  17 wights
  A howler monkey (D:4)
  4 electric eels
  2 centaur zombies
  5 hounds
  A jelly (D:7)
  19 orc priests
  2 gnoll shamans (D:8)
  8 iguanas
  A scorpion zombie (D:5)
  17 orc wizards
  A killer bee zombie (D:8)
  16 gnolls
  4 adders
  2 white imps
  An ufetubus (D:4)
  3 dart slugs
  66 orcs
  5 ball pythons
  4 bats
  2 endoplasms
  A giant cockroach (D:1)
  8 goblins
  7 hobgoblins
  3 jackals (D:5)
  12 kobolds
  2 quokkas
  5 frilled lizards
  2 rats
667 creatures vanquished.

Vanquished Creatures (collateral kills)
  Rupert (D:12)
  Gastronok (Orc:1)
  Kirke (D:12)
  Louise (Snake:3)
  An ice dragon (D:15)
  Erolcha (D:12)
  An anaconda (Snake:4)
  A centaur warrior (D:13)
  3 naga sharpshooters (Snake:1)
  A shock serpent (Snake:4)
  A fire crab (Orc:1)
  An orc knight (Orc:2)
  A naga ritualist (Snake:2)
  An ugly thing (D:12)
  A lindwurm (Lair:6)
  4 mana vipers
  4 naga magi
  5 black mambas
  A guardian serpent (Snake:2)
  A torpor snail (Lair:6)
  3 komodo dragons (Lair:6)
  2 trolls (Orc:1)
  A tyrant leech (Lair:6)
  2 slime creatures (D:13)
  A spriggan (shapeshifter) (D:12)
  A basilisk (Lair:6)
  A water elemental (D:14)
  4 nagas
  A warg (Orc:1)
  4 orc warriors
  An alligator simulacrum (Snake:4)
  An ettin simulacrum (IceCv)
  2 ogres (Orc:1)
  3 centaurs (D:13)
  2 deep troll simulacra (Snake:4)
  4 orc priests (Orc:1)
  3 orc wizards (Orc:1)
  11 orcs
79 creatures vanquished.

Vanquished Creatures (others)
  A naga (Snake:3)
  An orc warrior (Orc:2)
  A bush (D:8)
  13 fungi
  40 plants
  12 snaplasher vines
68 creatures vanquished.

Grand Total: 814 creatures vanquished

Notes
Turn   | Place    | Note
-------+----------+-------------------------------------------
     0 | D:1      | inmateoo the Gnoll Ice Elementalist began the quest for the
                  | Orb.
     0 | D:1      | Reached XP level 1. HP: 13/13 MP: 6/6
    19 | D:1      | Found a faded altar of an unknown god.
   204 | D:1      | Reached XP level 2. HP: 19/19 MP: 4/7
   204 | D:1      | You fall into a shaft and drop 1 floor!
   511 | D:1      | Reached XP level 3. HP: 18/25 MP: 6/9
   541 | D:1      | Learned a level 3 spell: Frozen Ramparts
   545 | D:1      | Learned a level 3 spell: Ozocubu's Armour
   696 | D:1      | Reached skill level 5 in Spellcasting
  1779 | D:3      | Reached skill level 1 in Fighting
  1779 | D:3      | Reached skill level 1 in Short Blades
  1779 | D:3      | Reached skill level 1 in Long Blades
  1779 | D:3      | Reached skill level 1 in Axes
  1779 | D:3      | Reached skill level 1 in Maces & Flails
  1779 | D:3      | Reached skill level 1 in Polearms
  1779 | D:3      | Reached skill level 1 in Staves
  1779 | D:3      | Reached skill level 1 in Slings
  1779 | D:3      | Reached skill level 1 in Bows
  1779 | D:3      | Reached skill level 1 in Crossbows
  1779 | D:3      | Reached skill level 1 in Throwing
  1779 | D:3      | Reached skill level 1 in Armour
  1779 | D:3      | Reached skill level 1 in Shields
  1779 | D:3      | Reached skill level 1 in Unarmed Combat
  1779 | D:3      | Reached skill level 1 in Invocations
  1779 | D:3      | Reached skill level 1 in Evocations
  1779 | D:3      | Reached XP level 4. HP: 18/32 MP: 6/11
  1785 | D:3      | Reached skill level 1 in Conjurations
  1785 | D:3      | Reached skill level 1 in Hexes
  1785 | D:3      | Reached skill level 1 in Summonings
  1785 | D:3      | Reached skill level 1 in Necromancy
  1785 | D:3      | Reached skill level 1 in Translocations
  1785 | D:3      | Reached skill level 1 in Transmutations
  1785 | D:3      | Reached skill level 1 in Fire Magic
  1785 | D:3      | Reached skill level 1 in Air Magic
  1785 | D:3      | Reached skill level 1 in Earth Magic
  1785 | D:3      | Reached skill level 1 in Poison Magic
  2027 | D:3      | Reached XP level 5. HP: 37/37 MP: 6/12
  2067 | D:3      | Found a sparkling altar of Nemelex Xobeh.
  2068 | D:3      | Found a blossoming altar of Fedhas.
  2268 | D:3      | Found a glowing silver altar of Zin.
  2268 | D:3      | Noticed an angel
  2628 | D:4      | Noticed a centaur
  2779 | D:4      | Killed a centaur
  2780 | D:4      | Reached XP level 6. HP: 38/44 MP: 8/14
  2946 | D:4      | Reached skill level 2 in Axes
  2946 | D:4      | Reached skill level 5 in Dodging
  2949 | D:4      | Learned a level 2 spell: Blink
  3201 | D:4      | Found a staircase to the Ecumenical Temple.
  3216 | Temple   | Entered the Ecumenical Temple
  3451 | D:4      | Identified the ring "Abolue" {rN+ SInv Stlth+}
  3484 | D:4      | Reached XP level 7. HP: 34/50 MP: 5/15
  3594 | D:5      | Entered Level 5 of the Dungeon
  3753 | D:5      | Found Nesonn's Antique Armour Boutique.
  3757 | D:5      | Bought a helmet for 103 gold pieces
  4119 | D:5      | Reached skill level 5 in Stealth
  4287 | D:6      | Reached XP level 8. HP: 50/57 MP: 12/16
  4293 | D:6      | Noticed Maggie
  4297 | D:6      | Reached skill level 3 in Axes
  4304 | D:6      | Killed Maggie
  5185 | D:6      | Reached XP level 9. HP: 55/62 MP: 18/18
  5411 | D:7      | Found Nipnoloi's Antique Weapon Boutique.
  5474 | D:7      | Reached skill level 4 in Axes
  5492 | D:7      | Found Kiahistro's Armour Shop.
  5938 | D:7      | Noticed an unseen horror
  5948 | D:7      | Killed an unseen horror
  6169 | D:8      | Reached skill level 5 in Invocations
  6763 | D:8      | Reached XP level 10. HP: 71/73 MP: 20/20
  6925 | D:8      | Reached skill level 5 in Fighting
  6925 | D:8      | Reached skill level 5 in Short Blades
  6925 | D:8      | Reached skill level 5 in Long Blades
  6925 | D:8      | Reached skill level 5 in Axes
  6925 | D:8      | Reached skill level 5 in Maces & Flails
  6925 | D:8      | Reached skill level 5 in Polearms
  6925 | D:8      | Reached skill level 5 in Staves
  6925 | D:8      | Reached skill level 5 in Slings
  6925 | D:8      | Reached skill level 5 in Bows
  6925 | D:8      | Reached skill level 5 in Crossbows
  6925 | D:8      | Reached skill level 5 in Throwing
  6925 | D:8      | Reached skill level 5 in Armour
  6925 | D:8      | Reached skill level 5 in Shields
  6925 | D:8      | Reached skill level 5 in Unarmed Combat
  6925 | D:8      | Reached skill level 5 in Evocations
  7172 | D:8      | Found a staircase to the Lair.
  7295 | D:8      | Found Qaegeoph's Antique Armour Boutique.
  7457 | D:8      | Noticed Psyche
  7468 | D:8      | Killed Psyche
  8326 | D:9      | Found a shadowy altar of Dithmenos.
  8402 | D:9      | Found Uzxunk's Magic Scroll Boutique.
  8979 | D:9      | Found an opulent altar of Gozag.
  9085 | D:9      | Found an opulent altar of Gozag.
  9266 | D:9      | Reached XP level 11. HP: 78/81 MP: 22/22
  9380 | D:10     | Entered Level 10 of the Dungeon
  9598 | D:10     | Noticed an oklob plant
  9629 | D:10     | Reached skill level 6 in Axes
  9631 | D:10     | Reached skill level 5 in Conjurations
  9631 | D:10     | Reached skill level 5 in Hexes
  9631 | D:10     | Reached skill level 5 in Summonings
  9631 | D:10     | Reached skill level 5 in Necromancy
  9631 | D:10     | Reached skill level 5 in Translocations
  9631 | D:10     | Reached skill level 5 in Transmutations
  9631 | D:10     | Reached skill level 5 in Fire Magic
  9631 | D:10     | Reached skill level 5 in Air Magic
  9631 | D:10     | Reached skill level 5 in Earth Magic
  9631 | D:10     | Reached skill level 5 in Poison Magic
 10031 | D:10     | Noticed an oklob plant
 10032 | D:10     | Noticed an oklob plant
 10066 | D:10     | Paralysed by a floating eye for 4 turns
 10165 | D:10     | Found a snail-covered altar of Cheibriados.
 10177 | D:10     | Became a worshipper of Cheibriados the Contemplative
 11178 | D:11     | Noticed a purple ugly thing
 11587 | D:11     | Killed a purple ugly thing
 11618 | D:11     | Noticed a wizard
 11620 | D:11     | Killed a wizard
 11777 | D:11     | Found a staircase to the Orcish Mines.
 11837 | D:12     | Noticed a cyan ugly thing
 12088 | Lair:1   | Entered Level 1 of the Lair of Beasts
 12537 | Lair:1   | Reached * piety under Cheibriados
 12538 | Lair:1   | Reached XP level 12. HP: 89/89 MP: 21/24
 12920 | Lair:2   | Noticed an eight-headed hydra
 12930 | Lair:2   | Reached skill level 7 in Axes
 12932 | Lair:2   | Killed an eight-headed hydra
 13379 | Lair:2   | Noticed Nergalle
 13388 | Lair:2   | Killed Nergalle
 13650 | Lair:2   | Found a staircase to the Shoals.
 13896 | Lair:3   | Reached ** piety under Cheibriados
 13990 | Lair:3   | Found a staircase to the Snake Pit.
 14174 | Lair:3   | Noticed an eight-headed hydra
 14179 | Lair:3   | Learned a level 1 spell: Slow
 14183 | Lair:3   | Learned a level 3 spell: Stone Arrow
 14189 | Lair:3   | Learned a level 5 spell: Manifold Assault
 14196 | Lair:3   | Killed an eight-headed hydra
 14240 | Lair:3   | Noticed a catoblepas
 14250 | Lair:3   | Killed a catoblepas
 14481 | Lair:3   | Reached XP level 13. HP: 98/98 MP: 20/26
 14752 | Lair:4   | Reached skill level 8 in Axes
 14772 | Lair:4   | Found a runed translucent gate.
 14772 | Lair:4   | Found a runed translucent gate.
 14772 | Lair:4   | Found a runed translucent gate.
 14776 | Lair:4   | Noticed sobakacece's ghost (journeyman SpEn)
 15147 | Lair:4   | Reached *** piety under Cheibriados
 15153 | Lair:4   | You fall into a shaft and drop 2 floors!
 15153 | Lair:6   | Entered Level 6 of the Lair of Beasts
 15762 | Lair:4   | Killed sobakacece's ghost
 15763 | Lair:4   | Reached skill level 10 in Ice Magic
 15766 | Lair:4   | Identified the +6 war axe of Okawaru's Castigation {speed,
                  | Fly Dex+5}
 15785 | Lair:4   | Learned a level 5 spell: Summon Forest
 16737 | Lair:6   | Reached **** piety under Cheibriados
 16895 | Lair:6   | Reached skill level 10 in Spellcasting
 17065 | Lair:6   | Noticed a fire dragon
 17076 | Lair:6   | Killed a fire dragon
 17424 | Lair:6   | Found a staircase to the Slime Pits.
 17494 | Lair:6   | Reached ***** piety under Cheibriados
 17668 | Lair:6   | Found a runed translucent door.
 17669 | Lair:6   | Noticed an ice dragon
 17707 | Lair:6   | Killed an ice dragon
 17708 | Lair:6   | Reached skill level 10 in Dodging
 17915 | Lair:6   | Reached XP level 14. HP: 98/106 MP: 22/28
 17942 | Lair:6   | Paralysed by a hornet for 1 turns
 18118 | Lair:6   | Learned a level 4 spell: Airstrike
 18219 | Lair:6   | Reached skill level 9 in Axes
 18225 | Lair:6   | Reached skill level 10 in Stealth
 18688 | Orc:1    | Entered Level 1 of the Orcish Mines
 18688 | Orc:1    | Found Woodaok's Magic Scroll Shop.
 18694 | Orc:1    | Bought a scroll of enchant armour for 120 gold pieces
 18694 | Orc:1    | Bought a scroll of fear for 56 gold pieces
 18855 | Orc:1    | Noticed Gastronok
 18891 | Orc:1    | Killed Gastronok
 19044 | Orc:1    | Reached skill level 10 in Invocations
 19612 | Orc:2    | Entered Level 2 of the Orcish Mines
 20234 | Orc:2    | Found Miageuri's Antique Weapon Shop.
 20245 | Orc:2    | Found a staircase to the Elven Halls.
 20647 | Orc:2    | Found Rymedot's Armour Boutique.
 20647 | Orc:2    | Found Qighocymeav's Book Emporium.
 20649 | Orc:2    | Found Atoturiw's Weapon Shoppe.
 20651 | Orc:2    | Found Tuilyg's Antique Weapon Shop.
 20655 | Orc:2    | Bought a +0 cloak for 67 gold pieces
 20845 | Orc:2    | Bought a manual of Axes for 960 gold pieces
 20845 | Orc:2    | Bought Great Wizards, Vol. VII for 360 gold pieces
 20850 | Orc:2    | Learned a level 4 spell: Passage of Golubria
 20937 | D:12     | Noticed Kirke
 20948 | D:12     | Killed Kirke
 21045 | D:12     | Reached ****** piety under Cheibriados
 21048 | D:12     | Identified the +5 hand axe "Wuunucra" {holy, rF- rN+ MP+9
                  | Dex+4}
 21231 | D:12     | Noticed Maurice
 21233 | D:12     | Noticed Maurice
 21233 | D:12     | Maurice changed into Maurice the black bear
 21237 | D:12     | Killed Maurice the black bear
 21655 | D:12     | Noticed Rupert
 21672 | D:12     | Killed Rupert
 21673 | D:12     | Reached skill level 10 in Axes
 21673 | D:12     | Reached XP level 15. HP: 115/115 MP: 5/29
 21779 | D:12     | Noticed Erolcha
 21790 | D:12     | Killed Erolcha
 22025 | D:12     | Noticed Snorg
 22032 | D:12     | Killed Snorg
 22500 | D:13     | Found a gate to the Vaults.
 22705 | D:13     | Identified the +11 trident "Xais" {vorpal, rElec rN++ rCorr
                  | Dex-4}
 22822 | D:13     | Noticed Frances
 22982 | D:13     | Reached skill level 10 in Fighting
 22982 | D:13     | Reached skill level 10 in Short Blades
 22982 | D:13     | Reached skill level 10 in Long Blades
 22982 | D:13     | Reached skill level 10 in Maces & Flails
 22982 | D:13     | Reached skill level 10 in Polearms
 22982 | D:13     | Reached skill level 10 in Staves
 22982 | D:13     | Reached skill level 10 in Slings
 22982 | D:13     | Reached skill level 10 in Bows
 22982 | D:13     | Reached skill level 10 in Crossbows
 22982 | D:13     | Reached skill level 10 in Throwing
 22982 | D:13     | Reached skill level 10 in Armour
 22982 | D:13     | Reached skill level 10 in Shields
 22982 | D:13     | Reached skill level 10 in Unarmed Combat
 22982 | D:13     | Reached skill level 10 in Evocations
 23209 | D:13     | Killed Frances
 23477 | D:13     | Noticed Nessos
 23481 | D:13     | Killed Nessos
 23727 | D:13     | Identified a scroll of acquirement
 23727 | D:13     | Acquired the amulet "Heingapn" {Reflect rPois rF+ Regen+
                  | SH+5}
 24306 | D:14     | Found a white marble altar of Elyvilon.
 24761 | D:14     | Reached skill level 11 in Axes
 24785 | D:14     | Noticed Azrael
 24791 | D:14     | Killed Azrael
 25489 | D:15     | Entered Level 15 of the Dungeon
 26060 | D:15     | Reached XP level 16. HP: 123/123 MP: 31/31
 26297 | D:15     | Found a staircase to the Depths.
 26320 | D:15     | Upgraded the game from 0.29-a0-22-gbf593b16ee to
                  | 0.29-a0-25-g7f48f510a0
 26600 | Snake:1  | Entered Level 1 of the Snake Pit
 26931 | Snake:1  | Identified the +6 hunting sling of Bodily Harmony {vorpal,
                  | rF++ Int-4}
 27347 | Snake:1  | Reached skill level 12 in Axes
 28292 | Snake:2  | Identified the ring of the Greedy {Drain rPois rC+ Dex+7}
 28811 | Snake:3  | Noticed Mara
 28820 | Snake:3  | Noticed Agnes
 28839 | Snake:2  | Killed Agnes
 29283 | Snake:3  | Found Ufyni's Armour Shop.
 29297 | Snake:3  | Bought a +1 pair of gloves of infusion for 198 gold pieces
 29347 | Snake:3  | Noticed Louise
 29359 | Snake:3  | Killed Louise
 29407 | Snake:3  | Noticed inmateoo's illusion
 29412 | Snake:3  | Killed Mara
 29413 | Snake:3  | Reached XP level 17. HP: 99/131 MP: 5/33
 29492 | Snake:3  | Reached skill level 13 in Axes
 29830 | Snake:4  | Entered Level 4 of the Snake Pit
 29832 | Snake:4  | Found a frozen archway.
 29891 | IceCv    | Entered an ice cave
 29893 | IceCv    | Found a transporter.
 29901 | IceCv    | Slain by a lindwurm simulacrum

Illustrated notes

Levels and vault maps discovered:
D:1:      amcnicky_arrival_underground_garden, layout_rooms,
          basic_ecumenical_altar, serial_bayou, serial_bayou_lake_a,
          serial_bayou_crossing, serial_bayou_pond_b, serial_bayou_shore_a
D:2:      layout_basic
D:3:      wad_crossroads, layout_loops_ring, zin_angel,
          nicolae_overflow_hidden_temple, corexii_item_surrounded_by_moat
D:4:      layout_basic, minmay_temple_entry_gardened_gates
D:5:      layout_rooms, serial_shops, nicolae_shop_stone
D:6:      layout_loops_ring, uniq_maggie
D:7:      layout_rooms, serial_shops, nicolae_shop_waterfront,
          nicolae_take_the_stairs
D:8:      layout_basic, erik_lair_dragon, serial_shops, shop,
          kb_lookout_dungeons_type, uniq_psyche
D:9:      layout_cave_pods, nicolae_dithmenos_the_darkroom,
          mainiacjoe_overflow_surrounded_room, serial_shops, shop_fountains,
          serial_park, serial_park_square3 [serial_park_minivault_5x5_4],
          serial_park_square2, serial_park_square1
          [serial_park_minivault_5x5_4], serial_park_square1
          [serial_park_minivault_5x5_3]
D:10:     layout_loops_ring, kennysheep_slug_shrine, disabler_island
D:11:     layout_rooms, orc_0_dummy, minmay_microvault
D:12:     layout_roguey, uniq_snorg, uniq_maurice, uniq_rupert, uniq_erolcha,
          uniq_kirke
D:13:     layout_loops_corners, erik_vaults_1, uniq_nessos, uniq_frances
D:14:     layout_basic, elyvilon_altar_4, uniq_azrael
D:15:     grunt_enter_depths_hoard, layout_loops_ring
Temple:   nicolae_temple_god_jail
Lair:1:   layout_misc_corridors, grunt_megastairs_3
Lair:2:   layout_loops_ring, shoals_dummy_entry, uniq_nergalle
Lair:3:   layout_hall_layers, guppyfry_snake_entry_island, beast_lair_carwin_3
Lair:4:   layout_cave_pods, gammafunk_ghost_hydra_chop, lookout_lair_type
Lair:5:   layout_roguey, infiniplex_staircase_pool
Lair:6:   guppyfry_lair_end_dragon, layout_gridlike, wormcave, slime_dummy,
          serial_bayou_lagoon_a, st_stairs_3, serial_bayou_shore_b
Snake:1:  layout_layer_cave
Snake:2:  layout_grid_shapes, lemuel_fruit_tree
Snake:3:  layout_onion_interference, serial_shops, nicolae_shop_stone,
          st_stairs_7, nicolae_snake_slithery_hallway, nicolae_snake_lava_pool,
          uniq_louise, uniq_mara, uniq_agnes
Snake:4:  snake_pit, layout_basic, serial_shops, nicolae_lakefront_shop,
          portal_ice_cave_entry_ice_simulacra, uniq_aizul
Orc:1:    layout_caves, serial_shops, shop, minmay_orc_temple_c, uniq_gastronok
Orc:2:    st_orc_rangers, layout_caves, serial_shops,
          nicolae_shop_advertising_works [nicolae_subvault_shop_adworks]
IceCv:    ice_cave_statue_garden_transporter

Skill      XL: |  1  2  3  4  5  6  7  8  9 10 11 12 13 14 15 16 17 |
---------------+----------------------------------------------------+-----
Spellcasting   | 5 6 7 8 9 10 11 12 | 12.5
Fighting       | 1 2 3 4 5 6 7 8 9 10 11 | 11.5
Short Blades   | 1 2 3 4 5 6 7 8 9 10 11 | 11.5
Long Blades    | 1 2 3 4 5 6 7 8 9 10 11 | 11.5
Axes           | 1 2 3 4 5 6 7 8 10 11 12 13 | 13.3
Maces & Flails | 1 2 3 4 5 6 7 8 9 10 11 | 11.5
Polearms       | 1 2 3 4 5 6 7 8 9 10 11 | 11.5
Staves         | 1 2 3 4 5 6 7 8 9 10 11 | 11.5
Slings         | 1 2 3 4 5 6 7 8 9 10 11 | 11.5
Bows           | 1 2 3 4 5 6 7 8 9 10 11 | 11.5
Crossbows      | 1 2 3 4 5 6 7 8 9 10 11 | 11.5
Throwing       | 1 2 3 4 5 6 7 8 9 10 11 | 11.5
Armour         | 1 2 3 4 5 6 7 8 9 10 11 | 11.5
Shields        | 1 2 3 4 5 6 7 8 9 10 11 | 11.5
Unarmed Combat | 1 2 3 4 5 6 7 8 9 10 11 | 11.5
Invocations    | 1 2 3 4 5 6 7 8 9 10 11 12 | 12.5
Evocations     | 1 2 3 4 5 6 7 8 9 10 11 | 11.5
Conjurations   | 1 2 3 4 5 6 7 8 9 |  9.8
Hexes          | 1 2 3 4 5 6 7 8 9 |  9.8
Summonings     | 1 2 3 4 5 6 7 8 9 |  9.8
Necromancy     | 1 2 3 4 5 6 7 8 9 |  9.8
Translocations | 1 2 3 4 5 6 7 8 9 |  9.8
Transmutations | 1 2 3 4 5 6 7 8 9 |  9.8
Fire Magic     | 1 2 3 4 5 6 7 8 9 |  9.8
Air Magic      | 1 2 3 4 5 6 7 8 9 |  9.8
Earth Magic    | 1 2 3 4 5 6 7 8 9 |  9.8
Poison Magic   | 1 2 3 4 5 6 7 8 9 |  9.8
Dodging        | 5 6 7 8 9 10 11 12 | 12.4
Stealth        | 5 6 7 8 9 10 11 12 | 12.3
Ice Magic      | 8 9 10 11 12 | 12.0

Action                   |  1- 3 |  4- 6 |  7- 9 | 10-12 | 13-15 | 16-18 || total
-------------------------+-------+-------+-------+-------+-------+-------++-------
Melee: Unarmed           |     7 |       |       |       |       |       ||     7
       Dagger            |     4 |    28 |       |       |       |       ||    32
       Bite              |       |     1 |    31 |    45 |   121 |    46 ||   244
       Spear             |       |       |   154 |     3 |     1 |       ||   158
       Punch             |       |       |     7 |    17 |    28 |       ||    52
       Scimitar          |       |       |    82 |   350 |   483 |       ||   915
       Trident           |       |       |       |       |   239 |   404 ||   643
Throw: Dart              |       |       |       |       |     1 |       ||     1
 Cast: Freeze            |    39 |    31 |    11 |    38 |       |       ||   119
       Frozen Ramparts   |     1 |     6 |    18 |    43 |    40 |     1 ||   109
       Ozocubu's Armour  |       |       |     6 |    31 |    38 |     1 ||    76
       Stone Arrow       |       |       |       |     7 |    56 |       ||    63
       Manifold Assault  |       |       |       |     2 |    27 |       ||    29
       Summon Forest     |       |       |       |       |    31 |    13 ||    44
       Airstrike         |       |       |       |       |     3 |       ||     3
       Blink             |       |       |       |       |     3 |       ||     3
       Passage of Golubr |       |       |       |       |       |     1 ||     1
Invok: Slouch            |       |       |       |       |     7 |     3 ||    10
       Temporal Distorti |       |       |       |       |     1 |       ||     1
Evoke: Wand              |       |     3 |       |     6 |    28 |       ||    37
       Phial of floods   |       |       |       |     1 |     1 |     1 ||     3
       Box of beasts     |       |       |       |       |       |     1 ||     1
  Use: Scroll            |       |       |     8 |     8 |    15 |     3 ||    34
       Potion            |       |       |       |     1 |     4 |     1 ||     6
 Stab: Sleeping          |       |     3 |     9 |     6 |    19 |    15 ||    52
       Distracted        |       |       |     1 |       |    13 |    12 ||    26
       Paralysed         |       |       |       |     7 |    12 |       ||    19
Armor: Robe              |     9 |     7 |     2 |       |       |       ||    18
       Leather armour    |       |       |    14 |       |       |       ||    14
       Steam dragon scal |       |       |    60 |   210 |   179 |    64 ||   513
       Ring mail         |       |       |       |       |    36 |       ||    36
Dodge: Dodged            |    28 |    30 |   172 |   389 |   688 |   217 ||  1524
Block: Buckler           |       |       |       |       |   123 |   244 ||   367
       Reflection        |       |       |       |       |    14 |    28 ||    42

Table legend: (Time is in decaauts)
 A = Elapsed time spent in this place.
 B = Non-inter-level travel time spent in this place.
 C = Inter-level travel time spent in this place.
 D = Time resting spent in this place.
 E = Time spent auto-exploring this place.
 F = Levels seen in this place.
 G = Mean time per level.
                   A        B        C        D        E       F      G
               +--------+--------+--------+--------+--------+-----+--------+
         Total |  40162 |  37021 |   3141 |   7811 |  20847 |  29 | 1384.9 |
       Dungeon |  21866 |  19817 |   2049 |   5387 |  10578 |  15 | 1457.7 |
        Temple |     71 |     58 |     13 |      0 |     48 |   1 |   71.0 |
          Lair |   9180 |   8544 |    636 |   1462 |   5269 |   6 | 1530.0 |
     Snake Pit |   5506 |   5321 |    185 |    527 |   3241 |   4 | 1376.5 |
  Orcish Mines |   3528 |   3270 |    258 |    434 |   1711 |   2 | 1764.0 |
      Ice Cave |      8 |      8 |      0 |      0 |      0 |   1 |    8.0 |
               +--------+--------+--------+--------+--------+-----+--------+

Top non-repeatable levels by time:
  Lair:6: 2792 daAuts
    D:14: 2689 daAuts
     D:8: 2500 daAuts
    D:13: 2475 daAuts
 Snake:1: 2307 daAuts
    D:12: 2011 daAuts
 Snake:2: 1865 daAuts
   Orc:2: 1864 daAuts
  Lair:4: 1674 daAuts
    D:11: 1665 daAuts
   Orc:1: 1663 daAuts
    D:10: 1515 daAuts
    D:15: 1513 daAuts
     D:9: 1371 daAuts
  Lair:2: 1275 daAuts
